[Event "*** Titled Tuesday Blitz"]
[Site "Chess.com"]
[Date "2020.04.21"]
[Round "3"]
[White "EfM13"]
[Black "Vuk2000"]
[Result "0-1"]
[WhiteElo "2372"]
[BlackElo "2604"]
[TimeControl "180+1"]
[EndTime "10:29:32 PDT"]
[Termination "Vuk2000 won on time"]

1. e4 e6 2. d4 d5 3. Nd2 Be7 4. Bd3 c5 5. c3 Nf6 6. e5 Nfd7 7.
Ngf3 b6 8. Qe2 a5 9. O-O Ba6 10.
c4 Nc6 11. cxd5 Bxd3 12. Qxd3 Nb4 13. Qe2 Nxd5 14. Nc4 O-O 15. Rd1 Qc7 16. Be3 b5 17. Na3 b4 18. Nc4 Nxe3 19. fxe3 cxd4 20. exd4 Nb6 21.
Rac1 Rfc8 22. Kh1 a4 23. b3 Nd5 24. Qd2 Nc3 25. Rf1 axb3 26. axb3 Qc6 27. Ng5 Ra2 28. d5 Rxd2 29. dxc6 Bxg5 30. Nxd2 Bxd2 31. Ra1 g6 32. Rf2 Be3 33. Rf3 Bd4 34. Raf1 Rxc6 35. Rxf7 Bxe5 36. Rf8+ Kg7 37. R8f7+ Kg8 38. Rf8+ Kg7 39. R8f7+ Kh6 40. R1f3 Nd5 41. h4 Rc3 42. Rf1 Rxb3 43. Re1 Re3 44. Rg1 Bg3 45. Ra1 b3 46. Kg1 b2 47. Rb1 Re2 48. Rbf1 Re1 49. Rxe1 Bxe1 50. Rb7 Bc3 0-1

[Event "*** Titled Tuesday Blitz"]
[Site "Chess.com"]
[Date "2020.04.21"]
[Round "3"]
[White "czasnaszachy"]
[Black "josephymwale33"]
[Result "0-1"]
[WhiteElo "2341"]
[BlackElo "2297"]
[TimeControl "180+1"]
[EndTime "10:29:32 PDT"]
[Termination "josephymwale33 won on time"]

1. d4 Nf6 2. c4 e6 3. Nc3 Bb4 4. e3 c5 5. Ne2 d5 6. a3 Bxc3+ 7.
Nxc3 dxc4 8. Bxc4 cxd4 9. exd4 O-O 10. O-O Nc6 11. d5 exd5 12. Nxd5 Nxd5 13. Qxd5 Be6 14. Qxd8 Nxd8 15. Bd3 Nc6 16. Be4 Rfd8 17. Be3 Bd5 18. Bxd5 Rxd5 19. Rfd1 Rad8 20. Rxd5 Rxd5 21. Kf1 Kf8 22. Ke2 Ke7 23. Rc1 Ke6 24. Rc3 a5 25. Rb3 b5 26. Rc3 Kd7 27. Rc2 a4 28. Rc3 Na5 29.
Rd3 Ke6 30. Rc3 Nc4 31. Rc2 f5 32. g3 g6 33. h4 Rd7 34. Bc1 Kd5 35. Rc3 Ke6 36. Rd3 Rxd3 37. Kxd3 Kd5 38. Kc3 Nd6 39. f3 Nc4 40. Kb4 Kc6 41. b3 axb3 42. Kxb3 Ne5 43.
f4 Nd3 44. Be3 Kd5 45. Kc3 Ne1 46. Bf2 Nf3 47. Kb4 Nd2 48. Be1 Ne4 49. a4 bxa4 50.
Kxa4 Kd4 51. Kb3 Ke3 52. Kc2 Kf3 53. Kd3 Nxg3 54. Bd2 Ne2 55. Ba5 Nxf4+ 0-1

[Event "*** Titled Tuesday Blitz"]
[Site "Chess.com"]
[Date "2020.04.21"]
[Round "3"]
[White "Matibar"]
[Black "TregubovP"]
[Result "1-0"]
[WhiteElo "2781"]
[BlackElo "2575"]
[TimeControl "180+1"]
[EndTime "10:29:33 PDT"]
[Termination "Matibar won on time"]

1. Nf3 c5 2. b3 Nc6 3. Bb2 d6 4. g3 e5 5. Bg2 Nf6 6. O-O Be7 7. e3 O-O 8. d4 cxd4 9. exd4 e4 10. Nfd2 d5 11.
h3 Bf5 12. Re1 h5 13. Nf1 Re8 14. Nbd2 Qb6 15. c3 Rad8 16. Ne3 Bg6 17. a4 a5 18. Qe2 Bf8 19. Qb5 Qc7 20. Rac1 Qd7 21. Ndf1 Nh7 22. h4 Nf6 23. Red1 Ra8 24. c4 dxc4 25. bxc4 Nb4 26. Rb1 Nd3 27. Bc3 Bb4 28. Ba1 Red8 29. Nc2 Ng4 30.
Qxd7 Rxd7 31. f3 exf3 32. Bxf3 Ngf2 33. Nxb4 axb4 34. Rd2 Ng4 35. Bxg4 hxg4 36. d5 Rxa4 37. Bd4 Ne5 38. Bxe5 Bxb1 39. Kf2 b3 40. Ne3 Ra2 41. Rb2 Rxb2+ 42. Bxb2 f5 43. Ke2 Kf7 44. Kd2 g6 45. Kc3 Be4 46. Kxb3 f4 47. Nxg4 f3 48. Bd4 Rd8 49.
Ne5+ Ke8 50. Kb4 Ra8 51. d6 Ra2 52. d7+ Ke7 53. Bc5+ 1-0

[Event "*** Titled Tuesday Blitz"]
[Site "Chess.com"]
[Date "2020.04.21"]
[Round "3"]
[White "Tpros"]
[Black "Larisa004"]
[Result "1-0"]
[WhiteElo "2396"]
[BlackElo "2082"]
[TimeControl "180+1"]
[EndTime "10:29:33 PDT"]
[Termination "Tpros won on time"]

1. c4 Nf6 2. d3 c5 3. g3 e6 4. Bg2 Be7 5. Nc3 O-O 6. Nf3 d6 7. O-O Nbd7 8. b3 Qc7 9. Bb2 a6 10. Rc1 Rb8 11. Re1 b6 12. e4 Bb7 13. h3 Rfe8 14.
Qc2 Ne5 15. Nh2 Nc6 16. Ne2 Nd7 17. f4 Bf6 18. Bxf6 Nxf6 19. g4 e5 20. g5 Nd7 21.
f5 Nd4 22. Qd2 Qd8 23. Ng4 f6 24. h4 b5 25. Ng3 bxc4 26. dxc4 fxg5 27. hxg5 Rf8 28.
Nh5 g6 29. Nhf6+ Rxf6 30. Nxf6+ Nxf6 31. gxf6 Qxf6 32. Qh6 Rf8 33. Rc3 gxf5 34. Rg3+ Kh8 35. Qxf6+ Rxf6 36. exf5 Bxg2 37. Kxg2 Nxf5 38. Rg4 Nd4 39.
Re3 Rg6 40. Reg3 Kg7 41. Kf2 Nf5 42. Rg1 Kf6 43. Kf3 Nd4+ 44. Ke4 Rxg4+ 45. Rxg4 h5 46. Rg8 h4 47. Rd8 Ke7 48. Rh8 Nc2 49. Rxh4 Nb4 50. Rh2 Kd7 51. a3 Nc6 52. Rh7+ Ke6 53. Rb7 Nd4 54.
b4 cxb4 55. axb4 Nc6 56. Rb6 Nd4 57. c5 1-0

[Event "*** Titled Tuesday Blitz"]
[Site "Chess.com"]
[Date "2020.04.21"]
[Round "3"]
[White "bait_or_mate"]
[Black "LuisFSiles"]
[Result "0-1"]
[WhiteElo "2514"]
[BlackElo "2278"]
[TimeControl "180+1"]
[EndTime "10:29:33 PDT"]
[Termination "LuisFSiles won by resignation"]

1. d4 Nf6 2. c4 g6 3. Nc3 Bg7 4. e4 d6 5. Nf3 O-O 6. Be2 c5 7. O-O Nc6 8. Be3 Ng4 9. Qd2 Nxe3 10. fxe3 Bg4 11. d5 Bxc3 12. Qxc3 Bxf3 13. gxf3 Nb8 14. f4 e6 15. Rae1 exd5 16. exd5 Nd7 17. e4 Qf6 18. Qxf6 Nxf6 19. Bf3 Nd7 20. e5 Rfe8 21. exd6 Kf8 22. Bg4 f5 23. Bd1 Kf7 24. Ba4 Rad8 25. Rxe8 Kxe8 26.
Re1+ Kf8 27. Re7 Nb6 28. Bb3 Rd7 29. Re6 Kf7 30. a3 Nc8 31. Ba4 Rxd6 32. Re3 Nb6 33. Bb3 a5 34. Ba2 Rd7 35. Kf2 Re7 36. Ke2 Rxe3+ 37. Kxe3 Nc8 38. Kd3 h6 39. h4 Kf6 40.
Kc3 g5 41. hxg5+ hxg5 42. fxg5+ Kxg5 43. b4 b6 44. bxa5 bxa5 45. Kd3 Kf4 46. Bb3 Kg3 47. Bd1 f4 48. Ke4 Nd6+ 49. Ke5 Nxc4+ 50. Ke6 f3 51. d6 Nxd6 52. Kxd6 c4 53. Kc5 c3 54. Kd4 f2 0-1

[Event "*** Titled Tuesday Blitz"]
[Site "Chess.com"]
[Date "2020.04.21"]
[Round "3"]
[White "ShieldingOff"]
[Black "ViktoriyaTarasova"]
[Result "0-1"]
[WhiteElo "2010"]
[BlackElo "2506"]
[TimeControl "180+1"]
[EndTime "10:29:34 PDT"]
[Termination "ViktoriyaTarasova won on time"]

1. d4 Nf6 2. c4 e6 3. g3 c5 4. Nf3 cxd4 5. Nxd4 d5 6. Bg2 e5 7.
Nb5 d4 8. O-O a6 9. N5a3 Nc6 10.
Bg5 Be7 11. Nd2 O-O 12. Bxf6 Bxf6 13. Ne4 Be7 14. Nc2 Be6 15. b3 f5 16. Nd2 e4 17.
Rc1 Qd7 18. Re1 Rad8 19. Nf1 Bf6 20. c5 a5 21. Na3 Nb4 22. Qd2 e3 23. fxe3 dxe3 24.
Qxd7 Rxd7 25. Nb5 Nxa2 26. Rb1 Nc3 27. Nxc3 Bxc3 28. Rec1 Bd4 29. b4 a4 30. b5 a3 31. c6 bxc6 32. bxc6 Rc7 33. Rb4 Bb2 34. Rc2 Bf6 35. Ra4 a2 36. Rcxa2 Bxa2 37. Rxa2 Bd4 38.
Bd5+ Kh8 39. Kg2 h6 40. Kf3 Re8 41. h3 g5 42. Rc2 Kg7 43. Bb3 Kf6 44. g4 fxg4+ 45.
hxg4 Ba7 46. Ng3 Rh8 47. Ne4+ Ke7 48. Rc3 h5 49. gxh5 Rxh5 50. Ba4 Rh3+ 51. Kg4 Rh2 52. Bb5 Rg2+ 53. Kf3 Rg1 54. Ng3 Bb6 55. Nf5+ Kf6 0-1

[Event "*** Titled Tuesday Blitz"]
[Site "Chess.com"]
[Date "2020.04.21"]
[Round "3"]
[White "Ginger_GM"]
[Black "DanielTitichoca"]
[Result "1/2-1/2"]
[WhiteElo "2580"]
[BlackElo "2318"]
[TimeControl "180+1"]
[EndTime "10:29:34 PDT"]
[Termination "Game drawn by repetition"]

1. e4 c5 2. Nf3 d6 3. d4 cxd4 4.
Nxd4 Nf6 5. Nc3 a6 6. Bc4 e6 7.
Bg5 Nbd7 8. f4 b5 9. Bxe6 fxe6 10. Nxe6 Qa5 11. O-O Bb7 12. Nd5 Rc8 13. Bxf6 Nxf6 14.
Nxf6+ gxf6 15. Nxf8 Qb6+ 16. Kh1 Rxf8 17. Qh5+ Rf7 18.
Rae1 Rxc2 19. Rf3 Qd4 20. Rg3 Bxe4 21. h3 d5 22. Rg7 Rc7 23. Rg8+ Ke7 24. Qg4 f5 25.
Qh4+ Qf6 26. Qf2 Rg7 27. Rxg7+ Qxg7 28. Re2 Qh6 29. Kg1 Rc1+ 30. Kh2 Qc6 31. Qh4+ Qf6 32. Qxh7+ Ke6 33. Qg8+ Qf7 34. Qb8 Rc6 35. Qe5+ Kd7 36.
h4 Rh6 37. g3 Qh5 38. Re1 Qf3 39. Qg7+ Kd8 40. Qf8+ Kd7 41. Qf7+ Kd6 42. Qf8+ Ke6 43. Qxh6+ Kf7 44. Qh7+ Kf6 45. Qh6+ Ke7 46. Qg7+ Kd6 47.
Qf6+ Kd7 48. Qf7+ Kd6 49. Qf8+ Ke6 50. Qc8+ Kf6 51. Qc6+ Kg7 52. Qd7+ Kg6 53. Qe6+ Kh5 54. Qf7+ Kh6 55. Qf6+ Kh7 56. Qf7+ Kh6 57. Qf6+ Kh7 58. Qe7+ Kh6 59. Qd6+ Kh7 60. Qe7+ Kh6 61. Qf6+ 1/2-1/2

[Event "*** Titled Tuesday Blitz"]
[Site "Chess.com"]
[Date "2020.04.21"]
[Round "3"]
[White "hazy13"]
[Black "Orest_Vovk"]
[Result "0-1"]
[WhiteElo "2206"]
[BlackElo "2436"]
[TimeControl "180+1"]
[EndTime "10:29:34 PDT"]
[Termination "Orest_Vovk won by resignation"]

1. d4 h6 2. e4 g5 3. c4 Bg7 4. Nc3 c5 5. Nge2 cxd4 6. Nxd4 Nc6 7. Be3 d6 8. Qd2 Qa5 9. Be2 Be5 10. O-O Nf6 11. Rfd1 a6 12. Nd5 Nxd5 13. cxd5 Qxd2 14. Rxd2 Nxd4 15. Bxd4 Bxd4 16. Rxd4 Bd7 17. Rc1 Rc8 18.
Rdc4 Rxc4 19. Rxc4 Kd8 20. Kf1 Bb5 21. Rc3 Bxe2+ 22. Kxe2 Kd7 23. Ke3 Rf8 24. Kd4 f6 25. Rh3 Rc8 26. Rc3 Rh8 27. h3 h5 28. b4 h4 29. a4 Rg8 30. f3 Ra8 31. Ke3 Rf8 32. Rc4 f5 33. b5 axb5 34. axb5 fxe4 35. fxe4 e6 36. b6 exd5 37. Rc7+ Ke6 38. Rxb7 dxe4 39. Rg7 Kf5 40. b7 Rb8 41. Rf7+ Ke6 42. Rg7 d5 43. Kd4 Kf6 44. Rd7 Kf5 45. Rf7+ Ke6 46. Rh7 Kd6 47. Rg7 Kc6 48. Rxg5 Rxb7 49. Rg6+ Kb5 50.
Kxd5 Re7 51. Kd4 e3 52. Rg5+ Kb4 53. Rg8 e2 54. Rb8+ Ka5 55. Rb1 e1=Q 0-1

[Event "*** Titled Tuesday Blitz"]
[Site "Chess.com"]
[Date "2020.04.21"]
[Round "3"]
[White "Azatic"]
[Black "wonderfultime"]
[Result "0-1"]
[WhiteElo "2659"]
[BlackElo "2903"]
[TimeControl "180+1"]
[EndTime "10:29:35 PDT"]
[Termination "wonderfultime won by resignation"]

1. e4 c5 2. Nf3 Nf6 3. e5 Nd5 4. Nc3 e6 5. Nxd5 exd5 6. d4 Nc6 7. c3 d6 8. Bb5 cxd4 9. Nxd4 Bd7 10.
exd6 Bxd6 11. O-O O-O 12. Nxc6 bxc6 13. Bd3 Re8 14. Be3 Rb8 15. Rb1 a5 16. Qh5 g6 17.
Qf3 Qh4 18. h3 Qe7 19. Rfe1 Qe5 20. g3 Qe6 21. h4 Qh3 22. Qg2 Qg4 23. b3 Bf5 24.
Be2 Qe4 25. Qxe4 Bxe4 26. Rbd1 a4 27. b4 h5 28. Bd4 a3 29. Bf1 Bf3 30. Rc1 Bf8 31. Bg2 Bg4 32. f3 Bf5 33. Kf2 Bh6 34. Ra1 Bd2 35. Red1 Bh6 36. Re1 Bg7 37. Bxg7 Kxg7 38.
Rxe8 Rxe8 39. Bf1 f6 40. Rc1 g5 41. c4 d4 42. b5 c5 43. Rd1 Re3 44. hxg5 fxg5 45.
b6 Re6 46. Bd3 Bxd3 47. Rxd3 Rxb6 48. Rxa3 Rb2+ 49. Kg1 Rc2 50. Ra4 d3 51. Kf1 Rc1+ 52. Kf2 d2 0-1

[Event "*** Titled Tuesday Blitz"]
[Site "Chess.com"]
[Date "2020.04.21"]
[Round "3"]
[White "White_Ghost"]
[Black "Zurability"]
[Result "0-1"]
[WhiteElo "2437"]
[BlackElo "2726"]
[TimeControl "180+1"]
[EndTime "10:29:36 PDT"]
[Termination "Zurability won by resignation"]

1. d4 Nf6 2. c4 e6 3. Nf3 b6 4. g3 Bb7 5. Bg2 Be7 6. O-O O-O 7. Nc3 Ne4 8. Qd3 Nxc3 9. Qxc3 Bf6 10. Re1 c5 11. e3 cxd4 12. exd4 Qc8 13. Qd3 d5 14.
cxd5 Bxd5 15. Bg5 Nd7 16. Rac1 Qb7 17. b3 Rac8 18. h4 h6 19. Bf4 Nb8 20. g4 Rxc1 21. Rxc1 Rc8 22. Rxc8+ Qxc8 23. g5 hxg5 24. hxg5 Be7 25.
Ne5 Bxg2 26. Kxg2 Nd7 27. g6 f6 28. Nf7 Nf8 29. Kg1 Qe8 30. d5 e5 31. d6 exf4 32. Qd5 Nxg6 33. Ng5+ Kh8 34. Qh1+ Kg8 35. Qh7+ Kf8 36.
dxe7+ Qxe7 37. Qxg6 fxg5 38. Qf5+ Kg8 39. Qc8+ Kh7 40.
Qf5+ Kh6 41. Qh3+ Kg6 42. Qd3+ Kf6 43. Qc3+ Kf7 44. Qc4+ Kg6 45. Qd3+ Kf6 46. Qd4+ Qe5 47. Qd8+ Kf5 48. Qd7+ Ke4 49. Qb7+ Kd3 50. Qf3+ Kc2 51. Kg2 Kb2 52. a4 Qf5 53. Qe2+ Kxb3 54. Qd1+ Qc2 55. Qd5+ Kxa4 56. Qd4+ Kb3 57. Qd5+ Qc4 58. Qd1+ Kb4 59.
Qe1+ Kb5 60. Qe8+ Qc6+ 0-1

[Event "*** Titled Tuesday Blitz"]
[Site "Chess.com"]
[Date "2020.04.21"]
[Round "3"]
[White "shyam"]
[Black "sergeikim"]
[Result "1-0"]
[WhiteElo "2652"]
[BlackElo "2417"]
[TimeControl "180+1"]
[EndTime "10:29:36 PDT"]
[Termination "shyam won on time"]

1. d4 Nf6 2. Nc3 g6 3. e4 d6 4. Bf4 Bg7 5. Qd2 c6 6. Bh6 Bxh6 7. Qxh6 Qa5 8. f3 b5 9. Qd2 Nbd7 10. a3 e5 11. Nge2 Bb7 12. h4 h5 13. O-O-O O-O-O 14. Kb1 Nb6 15. Nc1 Na4 16. Nxa4 Qxa4 17. Nb3 Nd7 18. Be2 f6 19. Qc3 Qa6 20. Rd2 Qb6 21. Rhd1 Rhe8 22.
dxe5 dxe5 23. Rd6 Nf8 24. Nc5 Rxd6 25. Rxd6 Rd8 26. Rxf6 Nd7 27. Nxd7 Rxd7 28. Rf8+ Rd8 29. Rxd8+ Qxd8 30. Qxe5 Qxh4 31. Ka2 Qf2 32. Qe8+ Kc7 33.
Qe7+ Kc8 34. Bd3 Qxg2 35. e5 Qxf3 36. e6 Qd5+ 37. b3 c5 38. Qf8+ Kc7 39. e7 Bc6 40. e8=Q Bxe8 41. Qxe8 a6 42. Bxg6 c4 43. Qf7+ Qxf7 44.
Bxf7 cxb3+ 45. Kxb3 h4 46. Be6 Kd6 47. Bh3 Kc5 48. Bg4 a5 49. Bh3 Kd4 50. Bf1 Kc5 51.
Bh3 Kd4 52. Bg4 Kc5 53. Bd7 a4+ 54. Kc3 1-0

[Event "*** Titled Tuesday Blitz"]
[Site "Chess.com"]
[Date "2020.04.21"]
[Round "3"]
[White "FROGGY64"]
[Black "RoelandPruijssers"]
[Result "0-1"]
[WhiteElo "2401"]
[BlackElo "2614"]
[TimeControl "180+1"]
[EndTime "10:29:36 PDT"]
[Termination "RoelandPruijssers won by checkmate"]

1. d4 f5 2. e4 fxe4 3. Nc3 Nf6 4. Bg5 g6 5. h4 d5 6. Be2 h5 7. f3 Nc6 8. fxe4 Nxe4 9. Nxe4 dxe4 10. c3 Bf5 11.
Qb3 Qd7 12. O-O-O O-O-O 13. Bb5 a6 14. Bxc6 Qxc6 15. d5 Qb5 16. Qxb5 axb5 17. Ne2 Bg4 18. Rhe1 c6 19. dxc6 Rxd1+ 20. Kxd1 bxc6 21. Kc1 e6 22. Ng3 Bg7 23. Nxe4 Rf8 24. Nc5 e5 25. Nd3 Re8 26.
Nf2 Bf5 27. Ne4 Kc7 28. Kd2 Ra8 29. a3 Rf8 30. Ng3 Be6 31. Ke3 Bd5 32. Re2 Rf7 33.
Rd2 Bf8 34. Ne4 Rf1 35. Nf6 Bc5+ 36. Ke2 Bc4+ 37. Rd3 Rf2+ 38. Ke1 Bxd3 39. Ne8+ Kb7 40. Nf6 Rxb2 41. Nd7 Bf2+ 42. Kd1 e4 43. Ne5 Ra2 44. Nxd3 exd3 45. Bf4 Bc5 46. Bg5 Bxa3 47. g3 Bc5 48. Bf4 b4 49. cxb4 Bxb4 50. Bc1 Bc3 51. Bf4 Ra1+ 52.
Bc1 d2 53. Kc2 Rxc1+ 54. Kd3 d1=Q+ 55. Ke4 Qd4+ 56. Kf3 Rc2 57. g4 Rf2+ 58. Kg3 Qf4+ 59. Kh3 Qxg4# 0-1

[Event "*** Titled Tuesday Blitz"]
[Site "Chess.com"]
[Date "2020.04.21"]
[Round "3"]
[White "fancyknightmaneuvers"]
[Black "TERMINATOR_PC"]
[Result "1-0"]
[WhiteElo "2607"]
[BlackElo "2389"]
[TimeControl "180+1"]
[EndTime "10:29:36 PDT"]
[Termination "fancyknightmaneuvers won on time"]

1. e4 Nf6 2. e5 Nd5 3. d4 d6 4. Nf3 dxe5 5. Nxe5 c6 6. Be2 Bf5 7. O-O Nd7 8. Nf3 e6 9. c4 N5f6 10. Nc3 Bd6 11. Be3 Qc7 12. h3 h6 13. Rc1 O-O 14.
Qd2 Rfe8 15. c5 Bf8 16. Bf4 Qd8 17. b4 Nd5 18. Nxd5 exd5 19. a4 Nf6 20. Bd3 Bxd3 21. Qxd3 Re4 22. Be5 Nd7 23. Bg3 a6 24. Nd2 Re8 25.
Rfe1 Qf6 26. Nf3 g6 27. b5 axb5 28. axb5 Bg7 29. b6 g5 30. Rxe8+ Rxe8 31. Qa3 Qd8 32.
Qd3 Nf6 33. Bc7 Qc8 34. Re1 Rxe1+ 35. Nxe1 Ne4 36. Nf3 Qe6 37. Qa3 Qc8 38. Ne5 Nf6 39. Qf3 Qe6 40. Qa3 Qc8 41. Kh2 Ne8 42. Qf3 Nf6 43.
Bd6 Qe6 44. Qa3 Qc8 45. Qa7 Nd7 46. Nxd7 Qxd7 47. Qb8+ Kh7 48. Qc7 1-0

[Event "*** Titled Tuesday Blitz"]
[Site "Chess.com"]
[Date "2020.04.21"]
[Round "3"]
[White "qqwow"]
[Black "woodhy"]
[Result "1-0"]
[WhiteElo "2533"]
[BlackElo "2259"]
[TimeControl "180+1"]
[EndTime "10:29:37 PDT"]
[Termination "qqwow won by checkmate"]

1. d4 Nf6 2. Bg5 Ne4 3. Bf4 c5 4. f3 Nf6 5. d5 d6 6. e4 g6 7. Nc3 Bg7 8. Qd2 O-O 9. h4 a6 10. h5 b5 11. hxg6 fxg6 12. Bh6 Rf7 13.
Nh3 Qf8 14. Bxg7 Rxg7 15. Ng5 Nh5 16. O-O-O Ng3 17. Rg1 Nxf1 18. Rgxf1 h6 19. Ne6 Bxe6 20. dxe6 g5 21. f4 g4 22. f5 Rg5 23. Nd5 Nc6 24.
f6 exf6 25. Rxf6 Qg7 26. Rdf1 Ne5 27. e7 Re8 28. Rf8+ Rxf8 29. exf8=Q+ Qxf8 30. Rxf8+ Kxf8 31. Nf4 Ke7 32. Qd5 Nc4 33. Qe6+ Kd8 34. Qxh6 Re5 35.
Qf8+ Kd7 36. Qf7+ Kc6 37. b3 Nb6 38. Qg6 a5 39. Nd3 Re7 40. e5 Nc8 41. e6 c4 42.
bxc4 bxc4 43. Nf4 d5 44. Qxg4 Nb6 45. Qg5 Kd6 46. g4 a4 47. Qf6 a3 48. g5 Rh7 49.
e7+ Kc5 50. e8=Q Rh1+ 51. Kd2 c3+ 52. Ke2 Rh2+ 53. Kf3 Rxc2 54. Qee7+ Kb5 55. Ne2 Nc4 56. Nd4+ Ka4 57. Nxc2 Nd2+ 58. Ke2 d4 59. Qb4# 1-0

[Event "*** Titled Tuesday Blitz"]
[Site "Chess.com"]
[Date "2020.04.21"]
[Round "3"]
[White "whogeeyao"]
[Black "HrvojeZagreb"]
[Result "1-0"]
[WhiteElo "2359"]
[BlackElo "2129"]
[TimeControl "180+1"]
[EndTime "10:29:37 PDT"]
[Termination "whogeeyao won by checkmate"]

1. e4 e6 2. d4 d5 3. Nd2 dxe4 4. Nxe4 Nd7 5. Nf3 Ngf6 6. Bd3 b6 7. O-O Bb7 8. Qe2 Nxe4 9. Bxe4 Bxe4 10. Qxe4 Bd6 11.
Bg5 Qc8 12. d5 Nc5 13. Qe2 O-O 14. b4 Na4 15. dxe6 Qxe6 16. Qxe6 fxe6 17. a3 a5 18.
Rab1 Rf5 19. Be3 Nc3 20. Rb3 axb4 21. axb4 Nd5 22. Bd2 Ra2 23. c4 Nf6 24. Be3 Ng4 25.
Bc1 e5 26. h3 Nf6 27. Be3 Rc2 28. Rc1 Rxc1+ 29. Bxc1 c5 30. Be3 e4 31. bxc5 Bxc5 32. Nd4 Re5 33. Nc6 Re8 34. Bxc5 bxc5 35. Rb5 e3 36. fxe3 Rxe3 37. Rxc5 Rc3 38. Ne5 h6 39. Rc8+ Kh7 40. Rc7 Ne4 41. Nf3 h5 42. Re7 Rxc4 43. Rxe4 Rxe4 44. Ng5+ Kg6 45. Nxe4 Kf5 46. Ng3+ Kg5 47.
Kf2 g6 48. Kf3 Kh6 49. Kf4 Kg7 50. Kg5 Kh7 51. Ne4 Kg7 52. Nf6 Kf7 53. Ne4 Kg7 54.
h4 Kf7 55. Kh6 Ke6 56. Kxg6 Ke7 57. Kxh5 Kf8 58. Kg6 Kg8 59. Kf6 Kh8 60. g4 Kh7 61. g5 Kh8 62. g6 Kg8 63. g7 Kh7 64. Kf7 Kh6 65. g8=Q Kh5 66. Qg5# 1-0

[Event "*** Titled Tuesday Blitz"]
[Site "Chess.com"]
[Date "2020.04.21"]
[Round "3"]
[White "chidori_boruto"]
[Black "Bajecny"]
[Result "1-0"]
[WhiteElo "2650"]
[BlackElo "2368"]
[TimeControl "180+1"]
[EndTime "10:29:38 PDT"]
[Termination "chidori_boruto won by resignation"]

1. d4 d5 2. Bf4 c5 3. e3 Nc6 4. Nc3 cxd4 5. exd4 f6 6. Nf3 Bg4 7. Be2 e5 8. dxe5 Bxf3 9. Bxf3 fxe5 10. Bg3 d4 11.
Nd5 Nge7 12. Nxe7 Bxe7 13. O-O Bd6 14. Bxc6+ bxc6 15. Bxe5 Bxe5 16. Qh5+ Kd7 17. Qxe5 Qf6 18. Qxf6 gxf6 19. Rfd1 c5 20. c3 Rab8 21. Rab1 Kc6 22. cxd4 Rhd8 23. Rbc1 Rxb2 24. Rxc5+ Kb6 25. g4 Rxd4 26.
Rxd4 Kxc5 27. Ra4 Kb6 28. Kg2 a5 29. a3 Kb5 30. Rf4 Rb3 31. a4+ Kc5 32. Rxf6 Rb4 33. f3 Rxa4 34. Rh6 Rb4 35. Rxh7 a4 36. Ra7 Kb6 37.
Ra8 Kb7 38. Rd8 a3 39. Rd1 Ra4 40. Ra1 Kc6 41. Kg3 Kd6 42. h4 Ke6 43. h5 Kf6 44. Kh4 a2 45. f4 Ra7 46. h6 Kg6 47. g5 Ra3 48. Kg4 Ra4 49. Kf3 Kf5 50. h7 Ra3+ 51. Kg2 Ra8 52. Kg3 Ra3+ 53. Kh4 Ra8 54. Kh5 Ra3 55. Kh6 Ra6+ 56. Kh5 Ra3 57. Kh4 Ra8 58.
Kg3 Kg6 59. Rxa2 Rh8 60. Ra7 Kf5 61. Kf3 Rb8 62. Ra5+ Kg6 63. Kg4 Rb4 64. Ra7 Rb8 65. Rc7 Rf8 66. f5+ Rxf5 67. Rc6+ 1-0

[Event "*** Titled Tuesday Blitz"]
[Site "Chess.com"]
[Date "2020.04.21"]
[Round "3"]
[White "harrisonchess21"]
[Black "pedromartinez91"]
[Result "0-1"]
[WhiteElo "2619"]
[BlackElo "2427"]
[TimeControl "180+1"]
[EndTime "10:29:38 PDT"]
[Termination "pedromartinez91 won by resignation"]

1. Nf3 Nf6 2. g3 b6 3. Bg2 Bb7 4. Nc3 e6 5. d4 c5 6. Bg5 cxd4 7.
Qxd4 Bc5 8. Qd2 h6 9. Be3 Na6 10.
O-O O-O 11. Bxc5 Nxc5 12. Qd6 Rc8 13. Rad1 a6 14. Ne5 Bxg2 15. Kxg2 Qc7 16. Qxc7 Rxc7 17. Rd6 Rb8 18. f3 Ne8 19. Rd4 d6 20. Nc4 d5 21.
Nd2 Nf6 22. Nb3 Kf8 23. Rfd1 Ke7 24. h4 h5 25. e3 g6 26. Rb4 b5 27. Nxc5 Rxc5 28. a4 Nd7 29. axb5 axb5 30. Ra1 Rc4 31. Rb3 b4 32. Ra7 Kd8 33. Na4 Rxc2+ 34. Kh3 Rc7 35.
Ra6 Nc5 36. Ra5 Nxb3 37. Ra6 Nc5 38. Nxc5 Rxc5 39. Ra1 Rc2 40. g4 Rxb2 41. Kg3 b3 42. Kf4 Rh2 43. Kg3 b2 44. Rb1 Rc2 45. gxh5 gxh5 46.
Kf4 Rc1 0-1

[Event "*** Titled Tuesday Blitz"]
[Site "Chess.com"]
[Date "2020.04.21"]
[Round "3"]
[White "cottage_cheese"]
[Black "NZT72"]
[Result "1/2-1/2"]
[WhiteElo "2229"]
[BlackElo "2447"]
[TimeControl "180+1"]
[EndTime "10:29:38 PDT"]
[Termination "Game drawn by repetition"]

1. e4 e5 2. Nf3 Nc6 3. Bb5 Nf6 4. O-O Nxe4 5. Re1 Nd6 6. Bxc6 dxc6 7. Nxe5 Be7 8. Nc3 O-O 9. b3 Nf5 10. Bb2 Be6 11. d3 Re8 12. Qd2 Bg5 13. Qd1 Be7 14. Ne4 Bb4 15. Rf1 Bf8 16. Qd2 Bd5 17. Rae1 f6 18. Qf4 Nd6 19. Nf3 Nxe4 20. dxe4 Bf7 21. c4 Bd6 22. Qd2 a5 23. Qc2 Bc5 24. Nh4 Qd7 25. Nf5 Bg6 26. Rd1 Qe6 27. Ng3 Bxe4 28. Nxe4 Qxe4 29. Qxe4 Rxe4 30. Rfe1 Rxe1+ 31. Rxe1 Kf7 32. Kf1 Re8 33. Rxe8 Kxe8 34. f3 Kf7 35. Ke2 Ke6 36.
h3 b5 37. Bc1 Bb4 38. Be3 Bd6 39. g4 bxc4 40. bxc4 f5 41. Kd3 g6 42. Ke2 c5 43. Kd3 c6 44. a4 Kf6 45. Bd2 Bc7 46.
Bc3+ Ke6 47. Ke3 h5 48. gxh5 gxh5 49. Ke2 Bd8 50. Kf2 Bc7 51. Ke3 Bd8 52. Ke2 Bc7 53. Ke3 Bd8 54. Ke2 Bc7 55. Ke3 1/2-1/2

[Event "*** Titled Tuesday Blitz"]
[Site "Chess.com"]
[Date "2020.04.21"]
[Round "3"]
[White "Gubajdullin"]
[Black "wannabe2700"]
[Result "0-1"]
[WhiteElo "2424"]
[BlackElo "2676"]
[TimeControl "180+1"]
[EndTime "10:29:39 PDT"]
[Termination "wannabe2700 won by checkmate"]

1. d4 f5 2. Bf4 Nf6 3. e3 e6 4. Nf3 d6 5. Be2 Be7 6. O-O O-O 7. h3 Ne4 8. c4 Nd7 9. Nc3 Nxc3 10. bxc3 c5 11. a4 a5 12. Rb1 b6 13. Ne1 Bb7 14. Nc2 Bc6 15. Na3 Nf6 16. Nb5 Ne4 17. Qc2 g5 18. Bh2 Qd7 19. Rbd1 Rad8 20. f3 Bxb5 21. axb5 Nf6 22. dxc5 bxc5 23. Ra1 Qc7 24.
Ra2 Nd7 25. Rfa1 Ra8 26. f4 Ra7 27. Bf3 Nb6 28. Qe2 a4 29. e4 Bf6 30. exf5 Bxc3 31.
Qxe6+ Qf7 32. Rc1 Bd4+ 33. Kh1 Qxe6 34. fxe6 gxf4 35. Bh5 Re7 36. Bf7+ Rfxf7 37. Rf1 Rxe6 38. Bxf4 Be5 39. g3 Ref6 40. Kg2 Bxf4 41. gxf4 Rxf4 42. Rg1 Rg7+ 43. Kh1 Rxg1+ 44. Kxg1 Rxc4 45. Kg2 Rb4 46. Kf3 Rxb5 47. Rg2+ Kf7 48. Ke4 a3 49. Kf5 Ra5 50.
Rf2 a2 51. Ke4+ Ke7 52. Rf1 a1=Q 53. Rxa1 Rxa1 54. Kf5 Rf1+ 55. Kg5 c4 56. Kh6 c3 57. Kxh7 Rg1 58. h4 c2 59. h5 c1=Q 60. h6 Nd5 61. Kh8 Qxh6# 0-1

[Event "*** Titled Tuesday Blitz"]
[Site "Chess.com"]
[Date "2020.04.21"]
[Round "3"]
[White "Aikiigm"]
[Black "Rakesh"]
[Result "1/2-1/2"]
[WhiteElo "2596"]
[BlackElo "2396"]
[TimeControl "180+1"]
[EndTime "10:29:39 PDT"]
[Termination "Game drawn - insufficient material"]

1. e4 c5 2. Nc3 e6 3. Nf3 a6 4.
a3 b5 5. d4 cxd4 6. Nxd4 Bb7 7. Qf3 Nc6 8. Nxc6 Bxc6 9. Bd3 Qc7 10. Bf4 Bd6 11. Bxd6 Qxd6 12. O-O-O Qc5 13. Qg3 Ne7 14. Qxg7 Rg8 15. Qxh7 Rxg2 16. Rd2 Ng6 17. Qg8+ Ke7 18. Qg7 Rxf2 19. Rxf2 Qxf2 20. Rf1 Qe3+ 21. Kb1 Rf8 22. Qf6+ Ke8 23. Nd5 exd5 24. exd5 Ne7 25. dxc6 Nxc6 26. Rf4 Qe1+ 27. Ka2 Qe6+ 28. b3 Qxf6 29. Rxf6 Rh8 30. Rf2 Ne5 31. Bf5 Ke7 32. Kb2 d5 33. Kc3 Rh4 34.
h3 Kd6 35. Bc8 a5 36. Rf6+ Kc5 37. Kb2 d4 38. Rf5 Kd6 39. Rf6+ Kc5 40. Kc1 d3 41.
cxd3 Nxd3+ 42. Kd2 Ne5 43. Ke3 a4 44. Rf5 Kd6 45.
bxa4 bxa4 46. Rf6+ Kc7 47. Bf5 Nc4+ 48. Kf3 Nxa3 49.
Rxf7+ Kd6 50. Ra7 Nb5 51. Ra6+ Kc5 52. Bg4 a3 53. Kg3 Rh7 54. h4 Kd5 55. h5 Ra7 56. Be6+ Ke5 57. Rxa7 Nxa7 58. Ba2 Kf6 59. Kh4 Nc6 60.
h6 Kg6 61. Kg4 Na7 62. h7 Kxh7 63. Kf5 Nb5 64. Ke5 Nc3 65. Bb3 Kg6 66. Kd4 a2 67.
Bxa2 1/2-1/2